Workbook

Sheet Balanço
A1: Balanço Financeiro | G1: Balanço SNS
G2: Activo | H2: 2009 | I2: 2008 | J2: 2007 | K2: 2006
A3: Activo | B3: 2009 | C3: 2008 | D3: 2007 | E3: 2006
G4: Activo não corrente
A5: Activo não corrente | G5: Activos fixos tangíveis | H5: 9880294 | I5: 10173948 | J5: 10427304 | K5: 11197902
A6: Activos fixos tangíveis | B6: 9880294 | C6: 10173948 | D6: 10427304 | E6: 11197902 | G6: Outros activos fixos intangíveis | H6: 507817 | J6: 396883 | K6: 863174
A7: Outros activos fixos intangíveis | B7: 507817 | D7: 396883 | E7: 863174 | G7: Participações financeiras pelo método da equivalência patrimonial | K7: 137300
A8: Participações financeiras pelo método da equivalência patrimonial | E8: 137300 | G8: Participações financeiras pelo método do custo | H8: 16249 | I8: 11916 | J8: 11916 | K8: 1729989
A9: Participações financeiras pelo método do custo | B9: 16249 | C9: 11916 | D9: 11916 | E9: 1729989 | G9: Activos por impostos diferidos | H9: 2463933 | I9: 3689588 | J9: 4997819 | K9: 3587834
A10: Activos por impostos diferidos | B10: 2463933 | C10: 3689588 | D10: 4997819 | E10: 3587834 | H10: =SUM(H5:H9) -> 12868293 | I10: =SUM(I5:I9) -> 13875452 | J10: =SUM(J5:J9) -> 15833922 | K10: =SUM(K5:K9) -> 17516199
A11: Clientes de Cobrança Duvidosa | C11: =1000000-698325 -> 301675 | D11: =52956-D16 -> 51927 | G11: Activo corrente
B12: =SUM(B6:B11) -> 12868293 | C12: =SUM(C6:C10) -> 13875452 | D12: =SUM(D6:D10) -> 15833922 | E12: =SUM(E6:E10) -> 17516199 | G12: Inventários | H12: 365382 | I12: 337566 | J12: 220579 | K12: 361564
A13: Activo corrente | G13: Clientes | H13: 6931528 | I13: 3295052 | J13: 2529149 | K13: 3876671
A14: Inventários | B14: 365382 | C14: 337566 | D14: 220579 | E14: 361564 | G14: Outras contas a receber | H14: 4774728 | I14: 7283898 | J14: 7151604 | K14: 1473308
A15: Clientes | B15: 6931527 | C15: =3295054-C16 -> 2898404 | D15: =2529149-D16 -> 2528120 | E15: 3876671 | G15: Impostos sobre o rendimento a receber | H15: 196789 | I15: 152946 | J15: 141530 | K15: 170366
A16: Clientes de Cobrança Duvidosa | C16: =698325-C11 -> 396650 | D16: =53985-52956 -> 1029 | G16: Caixa e seus equivalentes | H16: 1150951 | I16: 358264 | J16: 433436 | K16: 529436
A17: Outras contas a receber | B17: 4774728 | C17: 7283898 | D17: 7151604 | E17: 1473308 | H17: =SUM(H12:H16) -> 13419378 | I17: =SUM(I12:I16) -> 11427726 | J17: =SUM(J12:J16) -> 10476298 | K17: =SUM(K12:K16) -> 6411345
A18: Impostos sobre o rendimento a receber | B18: 196789 | C18: 152946 | D18: 141530 | E18: 170366 | G18: Total do activo | H18: =H10+H17 -> 26287671 | I18: =I10+I17 -> 25303178 | J18: =J10+J17 -> 26310220 | K18: =K10+K17 -> 23927544
A19: Depósitos Bancários | B19: 1106184 | C19: 335568 | D19: 421645 | E19: 514247
A20: Caixa | B20: 44767 | C20: 22696 | D20: 11791 | E20: 15188 | G20: Capital Próprio e Passivo
B21: =SUM(B14:B20) -> 13419377 | C21: =SUM(C14:C20) -> 11427728 | D21: =SUM(D14:D20) -> 10476298 | E21: =SUM(E14:E20) -> 6411344 | G21: Capital próprio
A22: Total do activo | B22: =B12+B21 -> 26287670 | C22: =C12+C21 -> 25303180 | D22: =D12+D21 -> 26310220 | E22: =E12+E21 -> 23927543 | G22: Capital nominal | H22: 14775000 | I22: 11500000 | J22: 5550000 | K22: 5550000
G23: Prestações suplementares e outros instrumentos de capital | H23: 1950000 | I23: 1950000
A24: Capital Próprio e Passivo | G24: Acções (quotas) próprias | H24: -3610 | I24: -3610 | J24: -13620 | K24: -61820
A25: Capital próprio | G25: Prémios de emissão | H25: -72604 | I25: -72604 | J25: -62595 | K25: -129710
A26: Capital nominal | B26: 14775000 | C26: 11500000 | D26: 5550000 | E26: 5550000 | G26: Reservas não distribuíveis | H26: 1177410 | I26: 1177410 | J26: 1174181 | K26: 1174181
A27: Prestações suplementares e outros instrumentos de capital | B27: 1950000 | C27: 1950000 | G27: Reservas distribuíveis | H27: 1541294 | I27: 1541294 | J27: 1541294 | K27: 1541294
A28: Acções (quotas) próprias | B28: -3610 | C28: -3610 | D28: -13620 | E28: -61820 | G28: Reservas de conversão cambial | H28: -5811 | I28: -1098 | J28: -811
A29: Prémios de emissão | B29: -72604 | C29: -72604 | D29: -62595 | E29: -129710 | G29: Excedentes de valorização de activos fixos | H29: 199562 | I29: 200828 | J29: 1290584 | K29: 1309355
A30: Reservas não distribuíveis | B30: 1177410 | C30: 1177410 | D30: 1174181 | E30: 1174181 | G30: Excedentes de valorização de activos financeiros | H30: -372990 | I30: -74750 | J30: -74748 | K30: -3460969
A31: Reservas distribuíveis | B31: 1541294 | C31: 1541294 | D31: 1541294 | E31: 1541294 | G31: Resultados acumulados | H31: -18547772 | I31: -16834134 | J31: -21914928 | K31: -16260891
A32: Reservas de conversão cambial | B32: -5811 | C32: -1098 | D32: -811 | G32: Resultado líquido do período | H32: -270272 | I32: -597203 | J32: 842613 | K32: -3891130
A33: Excedentes de valorização de activos fixos | B33: 199562 | C33: 200828 | D33: 1290584 | E33: 1309355 | G33: Interesses minoritários | H33: 163221 | I33: 105395 | K33: 251569
A34: Excedentes de valorização de activos financeiros | B34: -372990 | C34: -74750 | D34: -74748 | E34: -3460969 | G34: Total do capital próprio | H34: =SUM(H22:H33) -> 533428 | I34: =SUM(I22:I33) -> -1108472 | J34: =SUM(J22:J33) -> -11668030 | K34: =SUM(K22:K33) -> -13978121
A35: Resultados transitados | B35: -270272 | C35: -597203 | D35: 842613 | E35: -3891130
A36: Resultados acumulados | B36: -18547772 | C36: -16834134 | D36: -21914928 | E36: -16260891 | G36: Passivo
A37: Resultado líquido do período | B37: =-270272-B35 -> 0 | C37: =-597203-C35 -> 0 | D37: =842613-D35 -> 0 | E37: =-3891130-E35 -> 0 | G37: Passivo não corrente
A38: Interesses minoritários | B38: 163221 | C38: 105395 | E38: 251569 | G38: Empréstimos e descobertos bancários | H38: 31250 | I38: 8069 | J38: 8099000 | K38: 8099000
A39: Total do capital próprio | B39: =SUM(B26:B38) -> 533428 | C39: =SUM(C26:C38) -> -1108472 | D39: =SUM(D26:D38) -> -11668030 | E39: =SUM(E26:E38) -> -13978121 | G39: Passivos por impostos diferidos | H39: 21939 | I39: 22395 | J39: 420757 | K39: 1141195
G40: Passivos por locação financeira | H40: 213912 | I40: 201207 | J40: 4718495 | K40: 4979282
A41: Passivo | H41: =SUM(H38:H40) -> 267101 | I41: =SUM(I38:I40) -> 231671 | J41: =SUM(J38:J40) -> 13238252 | K41: =SUM(K38:K40) -> 14219477
A42: Passivo não corrente | G42: Passivo corrente
A43: Empréstimos e descobertos bancários | B43: 31250 | C43: 8069 | D43: 8099000 | E43: 8099000 | G43: Fornecedores | H43: 6622213 | I43: 2915693 | J43: 5353793 | K43: 3667063
A44: Passivos por impostos diferidos | B44: 21939 | C44: 22395 | D44: 420757 | E44: 1141195 | G44: Empréstimos e descobertos bancários | H44: 12676170 | I44: 13900530 | J44: 13020783 | K44: 12571955
A45: Passivos por locação financeira | B45: 213912 | C45: 201207 | D45: 4718495 | E45: 4979282 | G45: Outras contas a pagar | H45: 5884251 | I45: 6186920 | J45: 5845694 | K45: 6496665
A46: Fornecedores de Investimento | B46: =3000000/2 -> 1500000 | C46: =904493-C50 -> 56980 | E46: =654893-E50 -> 642716 | G46: Imposto corrente sobre o rendimento a pagar | H46: 262979 | I46: 124302 | J46: 43539 | K46: 484923
B47: =SUM(B43:B45) -> 267101 | C47: =SUM(C43:C45) -> 231671 | D47: =SUM(D43:D45) -> 13238252 | E47: =SUM(E43:E45) -> 14219477 | G47: Passivos por locação financeira | H47: 41528 | I47: 3052536 | J47: 476189 | K47: 465581
A48: Passivo corrente | H48: =SUM(H43:H47) -> 25487141 | I48: =SUM(I43:I47) -> 26179981 | J48: =SUM(J43:J47) -> 24739998 | K48: =SUM(K43:K47) -> 23686187
A49: Fornecedores | B49: =6622213-B50 -> 5122213 | C49: =2915693-C50 -> 2068180 | D49: 5353793 | E49: =3667063-E50 -> 3654886 | G49: Total do passivo | H49: =H41+H48 -> 25754242 | I49: =I41+I48 -> 26411652 | J49: =J41+J48 -> 37978250 | K49: =K41+K48 -> 37905664
A50: Fornecedores de Investimento | B50: =3000000-B46 -> 1500000 | C50: =904493-56980 -> 847513 | E50: =667070-654893 -> 12177 | G50: Total do capital próprio e do passivo | H50: =H34+H49 -> 26287670 | I50: =I34+I49 -> 25303180 | J50: =J34+J49 -> 26310220 | K50: =K34+K49 -> 23927543
A51: Empréstimos e descobertos bancários | B51: 12676170 | C51: 13900530 | D51: 13020783 | E51: 12571955
A52: Outras contas a pagar | B52: 5884251 | C52: 6186920 | D52: 5845694 | E52: 6496665
A53: Imposto corrente sobre o rendimento a pagar | B53: 262979 | C53: 124302 | D53: 43539 | E53: 484923
A54: Passivos por locação financeira | B54: 41528 | C54: 3052536 | D54: 476189 | E54: 465581
B55: =SUM(B49:B54) -> 25487141 | C55: =SUM(C49:C54) -> 26179981 | D55: =SUM(D49:D54) -> 24739998 | E55: =SUM(E49:E54) -> 23686187
A56: Total do passivo | B56: =B47+B55 -> 25754242 | C56: =C47+C55 -> 26411652 | D56: =D47+D55 -> 37978250 | E56: =E47+E55 -> 37905664
A57: Total do capital próprio e do passivo | B57: =B39+B56 -> 26287670 | C57: =C39+C56 -> 25303180 | D57: =D39+D56 -> 26310220 | E57: =E39+E56 -> 23927543
A59: Demonstração de Resultados por Natureza | G59: Demonstração de Resultados para Análise Financeira | N59: (%) da DR para Análise Financeira | R59: Variações da DR para Análise Financeira
G60: Rubricas | H60: 2009 | I60: 2008 | J60: 2007 | K60: 2006 | N60: 2009 | O60: 2008 | P60: 2007 | Q60: 2006 | R60: 2009/2008 | S60: 2007/2008 | T60: 2006/2007
A61: Rubricas | B61: 2009 | C61: 2008 | D61: 2007 | E61: 2006 | G61: 71 - Vendas | H61: 17241376 | I61: 11589647 | J61: 5669135 | K61: 4653821 | N61: =H61/$H$66 -> 0.57241885 | O61: =I61/$H$66 -> 0.38477975 | P61: =J61/$H$66 -> 0.18821698 | Q61: =K61/$H$66 -> 0.15450825 | R61: =IFERROR(((H61/I61)-1),"0,00%") -> 0.48765325 | S61: =IFERROR(((J61/I61)-1),"0,00%") -> -0.51084489 | T61: =IFERROR(((K61/J61)-1),"0,00%") -> -0.17909505
A62: Rendimentos e Ganhos | G62: 72 - Prestações de Serviços | H62: 12878834 | I62: 8786179 | J62: 6858067 | K62: 9297903 | N62: =H62/$H$66 -> 0.42758115 | O62: =I62/$H$66 -> 0.29170378 | P62: =J62/$H$66 -> 0.22768988 | Q62: =K62/$H$66 -> 0.30869317 | R62: =IFERROR(((H62/I62)-1),"0,00%") -> 0.46580601 | S62: =IFERROR(((J62/I62)-1),"0,00%") -> -0.21944829 | T62: =IFERROR(((K62/J62)-1),"0,00%") -> 0.35576147
A63: Vendas e Pretação de Serviços | B63: 30120210 | C63: 20375826 | D63: 12527202 | E63: 13951724 | G63: 74 - Subsidios à Exploração | N63: =H63/$H$66 -> 0 | O63: =I63/$H$66 -> 0 | P63: =J63/$H$66 -> 0 | Q63: =K63/$H$66 -> 0 | R63: =IFERROR(((H63/I63)-1),"0,00%") -> 0,00% | S63: =IFERROR(((J63/I63)-1),"0,00%") -> 0,00% | T63: =IFERROR(((K63/J63)-1),"0,00%") -> 0,00%
A64: Lucros imputados de subsidiárias, associadas e empreendimentos conjuntos | D64: 21949 | E64: 334307 | G64: 75 - Trabalhos para a própria empresa | J64: =D64 -> 21949 | K64: =E64 -> 334307 | N64: =H64/$H$66 -> 0 | O64: =I64/$H$66 -> 0 | P64: =J64/$H$66 -> 0.00072871338 | Q64: =K64/$H$66 -> 0.011099093 | R64: =IFERROR(((H64/I64)-1),"0,00%") -> 0,00% | S64: =IFERROR(((J64/I64)-1),"0,00%") -> 0,00% | T64: =IFERROR(((K64/J64)-1),"0,00%") -> 14.231081
A65: Custos das Mercadorias Vendidas e das Matérias consumidas | B65: 15362721 | C65: 10141430 | D65: 4509152 | E65: 4176103 | G65: - Variação da Produção | N65: =H65/$H$66 -> 0 | O65: =I65/$H$66 -> 0 | P65: =J65/$H$66 -> 0 | Q65: =K65/$H$66 -> 0 | R65: =IFERROR(((H65/I65)-1),"0,00%") -> 0,00% | S65: =IFERROR(((J65/I65)-1),"0,00%") -> 0,00% | T65: =IFERROR(((K65/J65)-1),"0,00%") -> 0,00%
A66: Fornecimentos e serviços externos | B66: 5483679 | C66: 3159985 | D66: 2921625 | E66: 5198521 | G66: Produção | H66: =SUM(H61:H65) -> 30120210 | I66: =SUM(I61:I65) -> 20375826 | J66: =SUM(J61:J65) -> 12549151 | K66: =SUM(K61:K65) -> 14286031 | N66: =H66/$H$66 -> 1 | O66: =I66/$H$66 -> 0.67648353 | P66: =J66/$H$66 -> 0.41663557 | Q66: =K66/$H$66 -> 0.47430051 | R66: =IFERROR(((H66/I66)-1),"0,00%") -> 0.47823259 | S66: =IFERROR(((J66/I66)-1),"0,00%") -> -0.38411572 | T66: =IFERROR(((K66/J66)-1),"0,00%") -> 0.13840618
A67: Gastos com o pessoal | B67: 7458601 | C67: 5430227 | D67: 4716242 | E67: 5401192 | G67: 61 - CMVMC | H67: =B65 -> 15362721 | I67: =C65 -> 10141430 | J67: =D65 -> 4509152 | K67: =E65 -> 4176103 | N67: =H67/$H$66 -> 0.51004694 | O67: =I67/$H$66 -> 0.33669852 | P67: =J67/$H$66 -> 0.1497052 | Q67: =K67/$H$66 -> 0.13864787 | R67: =IFERROR(((H67/I67)-1),"0,00%") -> 0.51484761 | S67: =IFERROR(((J67/I67)-1),"0,00%") -> -0.55537316 | T67: =IFERROR(((K67/J67)-1),"0,00%") -> -0.073860673
A68: Aumentos / diminuições de ajustamentos de inventários | E68: 172522 | G68: 62 - F.S.E | H68: =B66 -> 5483679 | I68: =C66 -> 3159985 | J68: =D66 -> 2921625 | K68: =E66 -> 5198521 | N68: =H68/$H$66 -> 0.18205979 | O68: =I68/$H$66 -> 0.10491245 | P68: =J68/$H$66 -> 0.096998826 | Q68: =K68/$H$66 -> 0.17259246 | R68: =IFERROR(((H68/I68)-1),"0,00%") -> 0.73534969 | S68: =IFERROR(((J68/I68)-1),"0,00%") -> -0.075430738 | T68: =IFERROR(((K68/J68)-1),"0,00%") -> 0.7793252
A69: Aumentos / diminuições de imparidades de dividas a receber | B69: 114194 | C69: 1698 | D69: 929790 | E69: 730223 | G69: 73 - Proveitos Suplementares | N69: =H69/$H$66 -> 0 | O69: =I69/$H$66 -> 0 | P69: =J69/$H$66 -> 0 | Q69: =K69/$H$66 -> 0 | R69: =IFERROR(((H69/I69)-1),"0,00%") -> 0,00% | S69: =IFERROR(((J69/I69)-1),"0,00%") -> 0,00% | T69: =IFERROR(((K69/J69)-1),"0,00%") -> 0,00%
A70: Outros rendimentos e ganhos operacionais | B70: 669614 | C70: 632266 | D70: 212946 | E70: 1478508 | G70: 631 - Impostos Indirectos | N70: =H70/$H$66 -> 0 | O70: =I70/$H$66 -> 0 | P70: =J70/$H$66 -> 0 | Q70: =K70/$H$66 -> 0 | R70: =IFERROR(((H70/I70)-1),"0,00%") -> 0,00% | S70: =IFERROR(((J70/I70)-1),"0,00%") -> 0,00% | T70: =IFERROR(((K70/J70)-1),"0,00%") -> 0,00%
A71: Outros rendimentos e ganhos financeiros | B71: 28048 | C71: 83189 | D71: 61807 | E71: 56006 | G71: Valor Acrescentado Bruto | H71: =H66-H67-H68 -> 9273810 | I71: =I66-I67-I68 -> 7074411 | J71: =J66-J67-J68 -> 5118374 | K71: =K66-K67-K68 -> 4911407 | N71: =H71/$H$66 -> 0.30789327 | O71: =I71/$H$66 -> 0.23487257 | P71: =J71/$H$66 -> 0.16993155 | Q71: =K71/$H$66 -> 0.16306018 | R71: =IFERROR(((H71/I71)-1),"0,00%") -> 0.310895 | S71: =IFERROR(((J71/I71)-1),"0,00%") -> -0.27649468 | T71: =IFERROR(((K71/J71)-1),"0,00%") -> -0.040436084
A72: Outros gastos e perdas operacionais | B72: 683029 | C72: 428976 | D72: 518666 | E72: 2263012 | G72: 632 - Impostos Directos | N72: =H72/$H$66 -> 0 | O72: =I72/$H$66 -> 0 | P72: =J72/$H$66 -> 0 | Q72: =K72/$H$66 -> 0 | R72: =IFERROR(((H72/I72)-1),"0,00%") -> 0,00% | S72: =IFERROR(((J72/I72)-1),"0,00%") -> 0,00% | T72: =IFERROR(((K72/J72)-1),"0,00%") -> 0,00%
A73: Outros gastos e perdas financeiros | B73: 282943 | C73: 162792 | D73: 109931 | E73: 181151 | G73: 64 - Custos com o Pessoal | H73: =B67 -> 7458601 | I73: =C67 -> 5430227 | J73: =D67 -> 4716242 | K73: =E67 -> 5401192 | N73: =H73/$H$66 -> 0.24762779 | O73: =I73/$H$66 -> 0.18028516 | P73: =J73/$H$66 -> 0.15658065 | Q73: =K73/$H$66 -> 0.17932119 | R73: =IFERROR(((H73/I73)-1),"0,00%") -> 0.37353392 | S73: =IFERROR(((J73/I73)-1),"0,00%") -> -0.13148345 | T73: =IFERROR(((K73/J73)-1),"0,00%") -> 0.14523216
A74: Resultado Operacional (antes de Depreciações, gastos de financiamento e impostos) | B74: =B63-B65-B66-B67-B69+B70+B71-B72-B73 -> 1432705 | C74: =C63-C65-C66-C67-C69+C70+C71-C72-C73 -> 1766173 | D74: =D63+D64-D65-D66-D67-D69+D70+D71-D72-D73 -> -881502 | E74: =E63+E64-E65-E66-E67-E68-E69+E70+E71-E72-E73 -> -2302179 | G74: 65 - Outros Custos e Perdas Operacionais | H74: =B72 -> 683029 | I74: =C72 -> 428976 | J74: =D72 -> 518666 | K74: =E72 -> 2263012 | N74: =H74/$H$66 -> 0.022676768 | O74: =I74/$H$66 -> 0.014242132 | P74: =J74/$H$66 -> 0.017219867 | Q74: =K74/$H$66 -> 0.075132677 | R74: =IFERROR(((H74/I74)-1),"0,00%") -> 0.59223127 | S74: =IFERROR(((J74/I74)-1),"0,00%") -> 0.2090793 | T74: =IFERROR(((K74/J74)-1),"0,00%") -> 3.3631393
A75: Gastos/ Reversões de Depreciações e de Amortizações | B75: 578946 | C75: 787421 | D75: 891992 | E75: 1032707 | G75: 76 - Outros Proveitos e Ganhos Operacionais | H75: =B70 -> 669614 | I75: =C70 -> 632266 | J75: =D70 -> 212946 | K75: =E70 -> 1478508 | N75: =H75/$H$66 -> 0.022231386 | O75: =I75/$H$66 -> 0.020991421 | P75: =J75/$H$66 -> 0.007069871 | Q75: =K75/$H$66 -> 0.049086909 | R75: =IFERROR(((H75/I75)-1),"0,00%") -> 0.059070075 | S75: =IFERROR(((J75/I75)-1),"0,00%") -> -0.66320188 | T75: =IFERROR(((K75/J75)-1),"0,00%") -> 5.9431123
A76: Aumentos / diminuições de ajustamentos de instrumentos financeiros | D76: 3000000 | E76: 730223 | G76: Excedente Bruto de Exploração | H76: =H71-H73-H74+H75 -> 1801794 | I76: =I71-I73-I74+I75 -> 1847474 | J76: =J71-J73-J74+J75 -> 96412 | K76: =K71-K73-K74+K75 -> -1274289 | N76: =H76/$H$66 -> 0.059820101 | O76: =I76/$H$66 -> 0.061336691 | P76: =J76/$H$66 -> 0.0032009073 | Q76: =K76/$H$66 -> -0.042306777 | R76: =IFERROR(((H76/I76)-1),"0,00%") -> -0.024725652 | S76: =IFERROR(((J76/I76)-1),"0,00%") -> -0.94781415 | T76: =IFERROR(((K76/J76)-1),"0,00%") -> -14.21712
A77: Resultado Operacional (antes de gastos de financiamento e impostos) | B77: =B74-B75 -> 853759 | C77: =C74-C75 -> 978752 | D77: =D74-D75+D76 -> 1226506 | E77: =E74-E75+E76 -> -2604663 | G77: 66 - Amortizações do Exercicio | H77: =B75 -> 578946 | I77: =C75 -> 787421 | J77: =D75 -> 891992 | K77: =E75 -> 1032707 | N77: =H77/$H$66 -> 0.019221181 | O77: =I77/$H$66 -> 0.026142613 | P77: =J77/$H$66 -> 0.029614402 | Q77: =K77/$H$66 -> 0.034286182 | R77: =IFERROR(((H77/I77)-1),"0,00%") -> -0.26475672 | S77: =IFERROR(((J77/I77)-1),"0,00%") -> 0.13280189 | T77: =IFERROR(((K77/J77)-1),"0,00%") -> 0.15775366
G78: 67 - Ajustamentos do Exercício | J78: =D76 -> 3000000 | K78: =E76+E68 -> 902745 | N78: =H78/$H$66 -> 0 | O78: =I78/$H$66 -> 0 | P78: =J78/$H$66 -> 0.099600899 | Q78: =K78/$H$66 -> 0.029971405 | R78: =IFERROR(((H78/I78)-1),"0,00%") -> 0,00% | S78: =IFERROR(((J78/I78)-1),"0,00%") -> 0,00% | T78: =IFERROR(((K78/J78)-1),"0,00%") -> -0.699085
A79: Juros e Rendimentos similares obtidos | B79: 5383 | C79: 10903 | D79: 7083 | E79: 12324 | G79: 77 - Reversões de Amortizações e Ajustamentos | N79: =H79/$H$66 -> 0 | O79: =I79/$H$66 -> 0 | P79: =J79/$H$66 -> 0 | Q79: =K79/$H$66 -> 0 | R79: =IFERROR(((H79/I79)-1),"0,00%") -> 0,00% | S79: =IFERROR(((J79/I79)-1),"0,00%") -> 0,00% | T79: =IFERROR(((K79/J79)-1),"0,00%") -> 0,00%
A80: Juros e gastos similares suportados | B80: 614297 | C80: 1415090 | D80: 1864979 | E80: 1530437 | G80: 81 - Resultados Operacionais | H80: =H76-H77+H78 -> 1222848 | I80: =I76-I77+I78 -> 1060053 | J80: =J76-J77+J78 -> 2204420 | K80: =K76-K77+K78 -> -1404251 | N80: =H80/$H$66 -> 0.04059892 | O80: =I80/$H$66 -> 0.035194077 | P80: =J80/$H$66 -> 0.073187405 | Q80: =K80/$H$66 -> -0.046621554 | R80: =IFERROR(((H80/I80)-1),"0,00%") -> 0.15357251 | S80: =IFERROR(((J80/I80)-1),"0,00%") -> 1.0795375 | T80: =IFERROR(((K80/J80)-1),"0,00%") -> -1.6370161
A81: Resultado Antes de Imposto | B81: =B77+B79-B80 -> 244845 | C81: =C77+C79-C80 -> -425435 | D81: =D77+D79-D80 -> -631390 | E81: =E77+E79-E80 -> -4122776 | G81: 681 - Juros Suportados | H81: =B80 -> 614297 | I81: =C80 -> 1415090 | J81: =D80 -> 1864979 | K81: =E80 -> 1530437 | N81: =H81/$H$66 -> 0.020394845 | O81: =I81/$H$66 -> 0.046981412 | P81: =J81/$H$66 -> 0.061917862 | Q81: =K81/$H$66 -> 0.050810967 | R81: =IFERROR(((H81/I81)-1),"0,00%") -> -0.56589546 | S81: =IFERROR(((J81/I81)-1),"0,00%") -> 0.31792253 | T81: =IFERROR(((K81/J81)-1),"0,00%") -> -0.17938111
A82: Imposto Sobre o Rendimento do Periodo | B82: 469696 | C82: 125635 | D82: -1464983 | E82: -958186 | G82: 682/5/6/7/8 - Outros Custos e Perdas Financeiros | H82: =B73 -> 282943 | I82: =C73 -> 162792 | J82: =D73 -> 109931 | K82: =E73 -> 181151 | N82: =H82/$H$66 -> 0.0093937924 | O82: =I82/$H$66 -> 0.0054047432 | P82: =J82/$H$66 -> 0.0036497421 | Q82: =K82/$H$66 -> 0.0060142675 | R82: =IFERROR(((H82/I82)-1),"0,00%") -> 0.73806452 | S82: =IFERROR(((J82/I82)-1),"0,00%") -> -0.32471497 | T82: =IFERROR(((K82/J82)-1),"0,00%") -> 0.64786093
A83: Resultado líquido do período | B83: =B81-B82 -> -224851 | C83: =C81-C82 -> -551070 | D83: =D81-D82 -> 833593 | E83: =E81-E82 -> -3164590 | G83: 781 - Juros Obtidos | H83: =B79 -> 5383 | I83: =C79 -> 10903 | J83: =D79 -> 7083 | K83: =E79 -> 12324 | N83: =H83/$H$66 -> 0.00017871721 | O83: =I83/$H$66 -> 0.00036198287 | P83: =J83/$H$66 -> 0.00023515772 | Q83: =K83/$H$66 -> 0.00040916049 | R83: =IFERROR(((H83/I83)-1),"0,00%") -> -0.50628267 | S83: =IFERROR(((J83/I83)-1),"0,00%") -> -0.35036229 | T83: =IFERROR(((K83/J83)-1),"0,00%") -> 0.7399407
G84: 782/5/6/7/8 - Outros Proveitos e Ganhos Financeiros | H84: =B71 -> 28048 | I84: =C71 -> 83189 | J84: =D71 -> 61807 | K84: =E71 -> 56006 | N84: =H84/$H$66 -> 0.00093120201 | O84: =I84/$H$66 -> 0.0027618997 | P84: =J84/$H$66 -> 0.0020520109 | Q84: =K84/$H$66 -> 0.001859416 | R84: =IFERROR(((H84/I84)-1),"0,00%") -> -0.66284004 | S84: =IFERROR(((J84/I84)-1),"0,00%") -> -0.25702917 | T84: =IFERROR(((K84/J84)-1),"0,00%") -> -0.093856683
A85: Balanço Funcional | G85: 83 - Resultados Correntes | H85: =H80-H81-H82+H83+H84 -> 359039 | I85: =I80-I81-I82+I83+I84 -> -423737 | J85: =J80-J81-J82+J83+J84 -> 298400 | K85: =K80-K81-K82+K83+K84 -> -3047509 | N85: =H85/$H$66 -> 0.011920202 | O85: =I85/$H$66 -> -0.014068195 | P85: =J85/$H$66 -> 0.0099069694 | Q85: =K85/$H$66 -> -0.10117821 | R85: =IFERROR(((H85/I85)-1),"0,00%") -> -1.8473157 | S85: =IFERROR(((J85/I85)-1),"0,00%") -> -1.7042104 | T85: =IFERROR(((K85/J85)-1),"0,00%") -> -11.212832
G86: 69 - Custos e Perdas Extraordinárias | H86: =B69 -> 114194 | I86: =C69 -> 1698 | J86: =D69 -> 929790 | K86: =E69 -> 730223 | N86: =H86/$H$66 -> 0.003791275 | O86: =I86/$H$66 -> 5.6374109e-05 | P86: =J86/$H$66 -> 0.030869307 | Q86: =K86/$H$66 -> 0.024243622 | R86: =IFERROR(((H86/I86)-1),"0,00%") -> 66.252061 | S86: =IFERROR(((J86/I86)-1),"0,00%") -> 546.57951 | T86: =IFERROR(((K86/J86)-1),"0,00%") -> -0.21463664
B87: 2009 | C87: 2008 | D87: 2007 | E87: 2006 | G87: 79 - Proveitos e Ganhos Extraordinários | N87: =H87/$H$66 -> 0 | O87: =I87/$H$66 -> 0 | P87: =J87/$H$66 -> 0 | Q87: =K87/$H$66 -> 0 | R87: =IFERROR(((H87/I87)-1),"0,00%") -> 0,00% | S87: =IFERROR(((J87/I87)-1),"0,00%") -> 0,00% | T87: =IFERROR(((K87/J87)-1),"0,00%") -> 0,00%
A88: Capital Próprio | B88: =B39 -> 533428 | C88: =C39 -> -1108472 | D88: =D39 -> -11668030 | E88: =E39 -> -13978121 | G88: 86 - Impostos Sobre o Rendimento | H88: =B82 -> 469696 | I88: =C82 -> 125635 | J88: =D82 -> -1464983 | K88: =E82 -> -958186 | N88: =H88/$H$66 -> 0.015594048 | O88: =I88/$H$66 -> 0.0041711197 | P88: =J88/$H$66 -> -0.048637875 | Q88: =K88/$H$66 -> -0.031812062 | R88: =IFERROR(((H88/I88)-1),"0,00%") -> 2.738576 | S88: =IFERROR(((J88/I88)-1),"0,00%") -> -12.660628 | T88: =IFERROR(((K88/J88)-1),"0,00%") -> -0.34594053
A89: Passivo não Corrente | B89: 267101 | C89: 231671 | D89: 13238252 | E89: 14219477 | G89: 88 - Resultado Liquido do Exercicio | H89: =H85-H86-H88 -> -224851 | I89: =I85-I86-I88 -> -551070 | J89: =J85-J86-J88 -> 833593 | K89: =K85-K86-K88 -> -2819546 | N89: =H89/$H$66 -> -0.0074651206 | O89: =I89/$H$66 -> -0.018295689 | P89: =J89/$H$66 -> 0.027675537 | Q89: =K89/$H$66 -> -0.093609772 | R89: =IFERROR(((H89/I89)-1),"0,00%") -> -0.5919738 | S89: =IFERROR(((J89/I89)-1),"0,00%") -> -2.5126808 | T89: =IFERROR(((K89/J89)-1),"0,00%") -> -4.3824012
A90: Capital Permanente | B90: =SUM(B88:B89) -> 800529 | C90: =SUM(C88:C89) -> -876801 | D90: =SUM(D88:D89) -> 1570222 | E90: =SUM(E88:E89) -> 241356 | N90: =H90/$H$66 -> 0 | O90: =I90/$H$66 -> 0 | P90: =J90/$H$66 -> 0 | Q90: =K90/$H$66 -> 0 | R90: =IFERROR(((H90/I90)-1),"0,00%") -> 0,00% | S90: =IFERROR(((J90/I90)-1),"0,00%") -> 0,00% | T90: =IFERROR(((K90/J90)-1),"0,00%") -> 0,00%
A91: Activos não Corrente | B91: =B12 -> 12868293 | C91: =C12 -> 13875452 | D91: =D12 -> 15833922 | E91: =E12 -> 17516199 | G91: Auto Financiamento Bruto | H91: =H89+H88+H82+H81+H78+H77 -> 1721031 | I91: =I89+I88+I82+I81+I78+I77 -> 1939868 | J91: =J89+J88+J82+J81+J78+J77 -> 5235512 | K91: =K89+K88+K82+K81+K78+K77 -> -130692 | N91: =H91/$H$66 -> 0.057138745 | O91: =I91/$H$66 -> 0.064404199 | P91: =J91/$H$66 -> 0.17382057 | Q91: =K91/$H$66 -> -0.0043390136 | R91: =IFERROR(((H91/I91)-1),"0,00%") -> -0.11281025 | S91: =IFERROR(((J91/I91)-1),"0,00%") -> 1.6989012 | T91: =IFERROR(((K91/J91)-1),"0,00%") -> -1.0249626
A92: Fundo Maneio Liquido | B92: =B90-B91 -> -12067764 | C92: =C90-C91 -> -14752253 | D92: =D90-D91 -> -14263700 | E92: =E90-E91 -> -17274843 | G92: Auto Financiamento Liquido | H92: =H91-0 -> 1721031 | I92: =I91-0 -> 1939868 | J92: =J91-0 -> 5235512 | K92: =K91-0 -> -130692 | N92: =H92/$H$66 -> 0.057138745 | O92: =I92/$H$66 -> 0.064404199 | P92: =J92/$H$66 -> 0.17382057 | Q92: =K92/$H$66 -> -0.0043390136 | R92: =IFERROR(((H92/I92)-1),"0,00%") -> -0.11281025 | S92: =IFERROR(((J92/I92)-1),"0,00%") -> 1.6989012 | T92: =IFERROR(((K92/J92)-1),"0,00%") -> -1.0249626
A93: Necessidades Financeiras | G93: Resultado Económico Bruto | H93: =H76+H72-H69 -> 1801794 | I93: =I76+I72-I69 -> 1847474 | J93: =J76+J72-J69 -> 96412 | K93: =K76+K72-K69 -> -1274289 | N93: =H93/$H$66 -> 0.059820101 | O93: =I93/$H$66 -> 0.061336691 | P93: =J93/$H$66 -> 0.0032009073 | Q93: =K93/$H$66 -> -0.042306777 | R93: =IFERROR(((H93/I93)-1),"0,00%") -> -0.024725652 | S93: =IFERROR(((J93/I93)-1),"0,00%") -> -0.94781415 | T93: =IFERROR(((K93/J93)-1),"0,00%") -> -14.21712
A94: Clientes Conta corrente | B94: =B15 -> 6931527 | C94: =C15 -> 2898404 | D94: =D15 -> 2528120 | E94: =E15 -> 3876671 | G94: Meios Libertos | H94: =H89+H88+((H82+H81)-(H83+H84)) -> 1108654 | I94: =I89+I88+((I82+I81)-(I83+I84)) -> 1058355 | J94: =J89+J88+((J82+J81)-(J83+J84)) -> 1274630 | K94: =K89+K88+((K82+K81)-(K83+K84)) -> -2134474 | N94: =H94/$H$66 -> 0.036807645 | O94: =I94/$H$66 -> 0.035137703 | P94: =J94/$H$66 -> 0.042318098 | Q94: =K94/$H$66 -> -0.070865177 | R94: =IFERROR(((H94/I94)-1),"0,00%") -> 0.047525641 | S94: =IFERROR(((J94/I94)-1),"0,00%") -> 0.20435015 | T94: =IFERROR(((K94/J94)-1),"0,00%") -> -2.6745832
A95: Imposto sobre o rendimento a receber | B95: =B18 -> 196789
A96: Inventários | B96: =B14 -> 365382 | C96: =C14 -> 337566 | D96: =D14 -> 220579 | E96: =E14 -> 361564
B97: =SUM(B94:B96) -> 7493698 | C97: =SUM(C94:C96) -> 3235970 | D97: =SUM(D94:D96) -> 2748699 | E97: =SUM(E94:E96) -> 4238235
A98: Recursos Financeiros
A99: Fornecedores c/c | B99: =B49 -> 5122213 | C99: =C49 -> 2068180 | D99: =D49 -> 5353793 | E99: =E49 -> 3654886
A100: imposto corrente sobre rendimento a pagar | B100: =B53 -> 262979
B101: =B99+B100 -> 5385192 | C101: =C99+C100 -> 2068180 | D101: =D99+D100 -> 5353793 | E101: =E99+E100 -> 3654886
...

Sheet Estrutura de Prov. e de Cus
A2: Estrutura de Proveitos e Custos
G3: Proveitos
A4: Estruturas de Proveitos | B4: 2009 | C4: 2008 | D4: 2007 | E4: 2006 | G4: Indicadores | H4: 2009 | I4: 2008 | J4: 2007 | K4: 2006
A5: 71 - Vendas | B5: =Balanço!H61 -> 17241376 | C5: =Balanço!I61 -> 11589647 | D5: =Balanço!J61 -> 5669135 | E5: =Balanço!K61 -> 4653821 | G5: Vendas | H5: =Balanço!N61 -> 0.57241885 | I5: =Balanço!O61 -> 0.38477975 | J5: =Balanço!P61 -> 0.18821698 | K5: =Balanço!Q61 -> 0.15450825
A6: 72 - Prestações de Serviços | B6: =Balanço!H62 -> 12878834 | C6: =Balanço!I62 -> 8786179 | D6: =Balanço!J62 -> 6858067 | E6: =Balanço!K62 -> 9297903 | G6: Prestações de Serviços | H6: =Balanço!N62 -> 0.42758115 | I6: =Balanço!O62 -> 0.29170378 | J6: =Balanço!P62 -> 0.22768988 | K6: =Balanço!Q62 -> 0.30869317
A7: 73 - Proveitos Suplementares | B7: =Balanço!H69 -> 0 | C7: =Balanço!I69 -> 0 | D7: =Balanço!J69 -> 0 | E7: =Balanço!K69 -> 0 | G7: Proveitos Suplementares | H7: =Balanço!N69 -> 0 | I7: =Balanço!O69 -> 0 | J7: =Balanço!P69 -> 0 | K7: =Balanço!Q69 -> 0
A8: 76 - Outros Proveitos e Ganhos Operacionais | B8: =Balanço!H75 -> 669614 | C8: =Balanço!I75 -> 632266 | D8: =Balanço!J75 -> 212946 | E8: =Balanço!K75 -> 1478508 | G8: Outros Proveitos e Ganhos Operacionais | H8: =Balanço!N75 -> 0.022231386 | I8: =Balanço!O75 -> 0.020991421 | J8: =Balanço!P75 -> 0.007069871 | K8: =Balanço!Q75 -> 0.049086909
A9: 77 - Reversões de Amortizações e Ajustamentos | B9: =Balanço!H79 -> 0 | C9: =Balanço!I79 -> 0 | D9: =Balanço!J79 -> 0 | E9: =Balanço!K79 -> 0 | G9: Reversões de Amortizações e Ajustamentos | H9: =Balanço!N79 -> 0 | I9: =Balanço!O79 -> 0 | J9: =Balanço!P79 -> 0 | K9: =Balanço!Q79 -> 0
A10: 78 - Proveitos e Ganhos Financeiros | B10: =Balanço!H84 -> 28048 | C10: =Balanço!I84 -> 83189 | D10: =Balanço!J84 -> 61807 | E10: =Balanço!K84 -> 56006 | G10: Proveitos e Ganhos Financeiros | H10: =Balanço!N84 -> 0.00093120201 | I10: =Balanço!O84 -> 0.0027618997 | J10: =Balanço!P84 -> 0.0020520109 | K10: =Balanço!Q84 -> 0.001859416
A11: 79 - Proveitos e Ganhos Extraordinários | B11: =Balanço!H87 -> 0 | C11: =Balanço!I87 -> 0 | D11: =Balanço!J87 -> 0 | E11: =Balanço!K87 -> 0 | G11: Proveitos e Ganhos Extraordinarios | H11: =Balanço!N87 -> 0 | I11: =Balanço!O87 -> 0 | J11: =Balanço!P87 -> 0 | K11: =Balanço!Q87 -> 0
A12: Total de Proveitos | B12: =SUM(B5:B11) -> 30817872 | C12: =SUM(C5:C11) -> 21091281 | D12: =SUM(D5:D11) -> 12801955 | E12: =SUM(E5:E11) -> 15486238
G13: Custos
A14: Estrutura de Custos | B14: 2009 | C14: 2008 | D14: 2007 | E14: 2006 | G14: Indicadores | H14: 2009 | I14: 2008 | J14: 2007 | K14: 2006
A15: 61 - CMVMC | B15: =Balanço!H67 -> 15362721 | C15: =Balanço!I67 -> 10141430 | D15: =Balanço!J67 -> 4509152 | E15: =Balanço!K67 -> 4176103 | G15: CMVMC | H15: =Balanço!N67 -> 0.51004694 | I15: =Balanço!O67 -> 0.33669852 | J15: =Balanço!P67 -> 0.1497052 | K15: =Balanço!Q67 -> 0.13864787
A16: 62 - Fornecimentos e Serviços Externos | B16: =Balanço!H68 -> 5483679 | C16: =Balanço!I68 -> 3159985 | D16: =Balanço!J68 -> 2921625 | E16: =Balanço!K68 -> 5198521 | G16: Fornecimento e Serviços Externos | H16: =Balanço!N68 -> 0.18205979 | I16: =Balanço!O68 -> 0.10491245 | J16: =Balanço!P68 -> 0.096998826 | K16: =Balanço!Q68 -> 0.17259246
A17: 63 - Impostos | G17: Impostos
A18: 64 - Custos com o pessoal | B18: =Balanço!H73 -> 7458601 | C18: =Balanço!I73 -> 5430227 | D18: =Balanço!J73 -> 4716242 | E18: =Balanço!K73 -> 5401192 | G18: Custos com o Pessoal | H18: =Balanço!N73 -> 0.24762779 | I18: =Balanço!O73 -> 0.18028516 | J18: =Balanço!P73 -> 0.15658065 | K18: =Balanço!Q73 -> 0.17932119
A19: 65 - Outros Custos e Perdas Operacionais | B19: =Balanço!H74 -> 683029 | C19: =Balanço!I74 -> 428976 | D19: =Balanço!J74 -> 518666 | E19: =Balanço!K74 -> 2263012 | G19: Outros Custos e Perdas Operacionais | H19: =Balanço!N74 -> 0.022676768 | I19: =Balanço!O74 -> 0.014242132 | J19: =Balanço!P74 -> 0.017219867 | K19: =Balanço!Q74 -> 0.075132677
A20: 66 - Amortizações e Ajustamentos do Exercício | B20: =Balanço!H77 -> 578946 | C20: =Balanço!I77 -> 787421 | D20: =Balanço!J77 -> 891992 | E20: =Balanço!K77 -> 1032707 | G20: Amortizações e Ajustamentos do Exercicio | H20: =Balanço!N77 -> 0.019221181 | I20: =Balanço!O77 -> 0.026142613 | J20: =Balanço!P77 -> 0.029614402 | K20: =Balanço!Q77 -> 0.034286182
A21: 68 - Custos e Perdas Financeiros | B21: =Balanço!H82 -> 282943 | C21: =Balanço!I82 -> 162792 | D21: =Balanço!J82 -> 109931 | E21: =Balanço!K82 -> 181151 | G21: Custos e Perdas Financeiras | H21: =Balanço!N82 -> 0.0093937924 | I21: =Balanço!O82 -> 0.0054047432 | J21: =Balanço!P82 -> 0.0036497421 | K21: =Balanço!Q82 -> 0.0060142675
A22: 69 - Custos e Perdas Extraordinários | B22: =Balanço!H86 -> 114194 | C22: =Balanço!I86 -> 1698 | D22: =Balanço!J86 -> 929790 | E22: =Balanço!K86 -> 730223 | G22: Custos e Perdas Extraordinarias | H22: =Balanço!N86 -> 0.003791275 | I22: =Balanço!O86 -> 5.6374109e-05 | J22: =Balanço!P86 -> 0.030869307 | K22: =Balanço!Q86 -> 0.024243622
A23: Total dos Custos | B23: =SUM(B15:B22) -> 29964113 | C23: =SUM(C15:C22) -> 20112529 | D23: =SUM(D15:D22) -> 14597398 | E23: =SUM(E15:E22) -> 18982909
A25: Representação Gráfica entre o Prazo Médio de Pagamento e de Recebimento
B26: PMR | C26: PMP
A27: 2009 | B27: 100.24 | C27: 386.77
A28: 2008 | B28: 61.96 | C28: 261.16
A29: 2007 | B29: 87.91 | C29: 752.5
A30: 2006 | B30: 121.04 | C30: 290.32
A32: Representação Gráfica entre a Produtividade do Trabalho e do Equipamento
B34: Produtividade do Equipamento | C34: Produtividade do Trabalho
A35: 2009 | B35: 0.94 | C35: 39801.76
A36: 2008 | B36: 0.7 | C36: 30362.28
A37: 2007 | B37: 0.49 | C37: 21967.27
A38: 2006 | B38: 0.44 | C38: 21079
A40: Representação Gráfica da Liquidez Geral, Reduzida e Imediata
B41: Liquidez Geral | C41: Liquidez Reduzida | D41: Liquidez Imediata
A42: 2009 | B42: 50.24 | C42: 0.51 | D42: 0.05
A43: 2008 | B43: 49.33 | C43: 0.42 | D43: 0.01
A44: 2007 | B44: 0.79 | C44: 0.41 | D44: 0.02
A45: 2006 | B45: 0.45 | C45: 0.26 | D45: 0.02
A47: Representação do rácio de autonomia financeira em conjunto com o rácio de endividamento
B48: Autonomia Financeira | C48: Endividamento
A49: 2009 | B49: 2.03 | C49: 97.97
A50: 2008 | B50: -4.38 | C50: 104.38
A51: 2007 | B51: -44.35 | C51: 144.35
A52: 2006 | B52: -58.42 | C52: 158.42
B56: Grau da Alavanca Combinada | C56: Grau da Alavanca Fianaceira | D56: Grau da Alavanca Operacional
A57: 2009 | B57: -0.06 | C57: 5.22 | D57: -0.01
A58: 2008 | B58: -0.45 | C58: -2.37 | D58: 0.19
A59: 2007 | B59: 0.47 | C59: -3.41 | D59: 0.14
A60: 2006 | B60: 0.19 | C60: 0.34 | D60: 0.34
